Map: Babylon LE

Players

Xung - Winner!

  • Race: Terran Terran
  • League: Master
  • Spawn Location: 11:00

Complex

  • Race: Zerg Zerg
  • League: Master
  • Spawn Location: 5:00

VOD

Have the link to the VOD?

Description

Time

  • Played on: March 11, 2023, 9:26 a.m.
  • Length: 11:20
Show
View Real Time Build Order
Export as new Build Order

Xung Terran - Winner!

Build Orders: Reaper Expand, Hellion Banshee 

Get SALT Encoding   

  12  0:00  SCV  
  13  0:12  SCV  
  14  0:17  Supply Depot  
  14  0:24  SCV  
  15  0:39  SCV  
  15  0:40  Barracks  
  16  0:44  Refinery  
  16  0:51  SCV  
  17  1:03  SCV  
  18  1:15  SCV  
  19  1:27  Reaper  
  19  1:28  Orbital Command  
  20  1:44  Command Center  
  20  1:54  Supply Depot  
  20  1:56  SCV  
  21  2:01  Marine  
  21  2:08  SCV  
  23  2:18  Factory  
  23  2:20  SCV  
  23  2:22  Barracks Reactor  
  24  2:32  SCV  
  25  2:44  SCV  
  25  2:47  Command Center  
  26  2:56  SCV  
  27  2:59  Refinery  
  27  3:00  Orbital Command  
  27  3:08  Starport  
  28  3:12  SCV  
  28  3:19  Hellion  
  30  3:22  Hellion  
  30  3:24  SCV  
  33  3:27  SCV  
  33  3:29  Barracks Tech Lab  
  34  3:37  SCV  
  35  3:42  Hellion  
  35  3:43  SCV  
  35  3:44  Hellion  
  40  3:49  SCV  
  40  3:54  Banshee  
  44  3:55  SCV  
  44  3:58  Cloaking Field  
  44  4:01  SCV  
  46  4:03  Orbital Command  
  46  4:05  Barracks Tech Lab  
  46  4:07  SCV  
  47  4:13  Supply Depot, SCV  
  47  4:15  Hellion  
  50  4:19  Hellion  
  50  4:21  SCV  
  53  4:35  Stimpack  
  53  4:36  Orbital Command, Banshee, SCV  
  57  4:39  Supply Depot, SCV  
  58  4:48  SCV  
  58  4:51  SCV  
  58  4:52  Barracks  
  60  4:53  Barracks  
  60  4:57  Factory Reactor  
  60  4:59  Supply Depot  
  59  5:00  Refinery, SCV  
  59  5:01  Refinery  
  59  5:03  SCV, Marine  
  59  5:05  SCV  
  63  5:13  SCV  
  63  5:14  Engineering Bay x2  
  64  5:15  SCV  
  64  5:17  SCV  
  66  5:22  Supply Depot  
  66  5:25  SCV  
  66  5:27  SCV  
  68  5:29  Barracks  
  68  5:30  Barracks, SCV  
  69  5:37  SCV  
  69  5:39  SCV  
  69  5:41  Marine x2  
  69  5:42  Marine  
  74  5:43  SCV  
  74  5:46  Terran Infantry Armor Level 1, Terran Infantry Weapons Level 1  
  74  5:48  Starport Reactor  
  74  5:49  SCV  
  76  5:51  SCV  
  76  5:55  Marine x2, SCV  
  83  5:57  Siege Tank  
  83  5:59  Marine x2  
  83  6:00  Supply Depot  
  83  6:01  SCV  
  83  6:04  SCV  
  87  6:05  Supply Depot  
  87  6:07  SCV  
  87  6:11  Marine  
  89  6:13  SCV, Marine  
  89  6:16  SCV  
  92  6:20  Marine  
  92  6:21  Marine  
  92  6:22  Barracks Reactor x2  
  92  6:24  Combat Shield  
  92  6:25  Medivac x2  
  98  6:28  SCV  
  98  6:29  Siege Tank  
  98  6:30  Supply Depot x2, Marine x3  
  98  6:32  SCV  
  106  6:33  SCV  
  106  6:39  Marine x2  
  109  6:46  Supply Depot  
  109  6:47  Armory  
  109  6:51  SCV  
  109  6:53  Barracks  
  109  6:54  Barracks, Marine  
  111  6:55  Barracks  
  111  6:59  Marine x2  
  102  7:07  Marine x2  
  102  7:08  Supply Depot, Siege Tank  
  107  7:09  Supply Depot  
  107  7:10  Medivac x2  
  107  7:12  Marine x2  
  113  7:17  Marine x4  
  113  7:18  Marine  
  118  7:25  Marine  
  118  7:26  Supply Depot, Marine  
  120  7:30  Marine  
  120  7:33  Marine  
  120  7:34  Marine  
  120  7:35  Marine x2  
  125  7:40  Siege Tank  
  125  7:41  Supply Depot  
  125  7:42  Supply Depot  
  125  7:43  Medivac x2  
  131  7:44  Marine x4  
  135  7:52  Marine x4  
  135  7:56  Marine x4  
  141  8:06  Marine x2  
  141  8:08  Marine x2  
  141  8:10  Marine x4  
  141  8:12  Siege Tank  
  152  8:19  Marine x4  
  148  8:24  Marine x2  
  148  8:27  Marine x2  
  146  8:30  Marine x2  
  147  8:35  SCV  
  147  8:37  Marine x2  
  143  8:43  Marine x2  
  143  8:44  Siege Tank  
  143  8:45  Marine x2  
  143  8:46  Marine x2  
  143  8:48  Medivac  
  151  8:53  Marine x2  
  151  8:55  Marine x2  
  146  8:59  Marine x2  
  146  9:01  Marine x2  
  150  9:03  Marine x4, Terran Infantry Weapons Level 2  
  153  9:11  Marine x2  
  153  9:14  Marine x2  
  153  9:16  Siege Tank  
  146  9:17  Marine x2  
  146  9:19  Marine  
  146  9:23  Marine x2  
  150  9:29  Supply Depot x2, Marine x2  
  146  9:32  Marauder, Marine x4  
  146  9:35  Marine x2  
  146  9:37  Marine  
  155  9:41  Marine x2  
  157  9:47  Marine x2  
  157  9:48  Siege Tank  
  157  9:50  Marine x4  
  146  9:53  Marine x3  
  146  9:55  Marine  
  146  9:59  Marine  
  137  10:00  Marine  
  137  10:05  Marine x2  
  128  10:08  Marine x3  
  128  10:09  Marine  
  128  10:11  Marine x3  
  128  10:13  Marine  
  124  10:17  Marine  
  124  10:18  Marine  
  124  10:20  Siege Tank  
  129  10:22  Marine  
  129  10:23  Marine  
  129  10:26  Marine  
  132  10:29  Marine x2  
  132  10:33  Marine x2  
  136  10:38  Marine x2  
  138  10:43  Marine x2  
  138  10:49  Marine x2  
  140  10:52  Marine  
  140  10:53  Marine  
  140  10:56  Marine x4  
  143  11:01  Marine x2  
Show
View Real Time Build Order
Export as new Build Order

Complex Zerg 

Build Orders: Hatch First 

Get SALT Encoding   

  12  0:00  Drone  
  13  0:12  Drone  
  14  0:16  Overlord  
  14  0:34  Drone x2  
  16  0:42  Drone  
  17  0:52  Hatchery  
  17  0:55  Drone  
  17  0:58  Drone  
  18  1:08  Extractor  
  17  1:13  Spawning Pool  
  17  1:17  Drone  
  17  1:20  Drone  
  18  1:30  Drone  
  19  1:39  Drone  
  20  1:51  Drone  
  21  2:03  Queen x2  
  21  2:04  Zergling x4  
  27  2:17  Hatchery  
  26  2:23  Metabolic Boost  
  26  2:33  Drone x2  
  26  2:34  Overlord  
  28  2:52  Queen  
  28  2:54  Drone  
  28  2:55  Drone x3  
  28  2:58  Drone  
  35  3:02  Overlord  
  35  3:07  Overlord  
  35  3:09  Drone  
  36  3:21  Drone x2  
  36  3:22  Drone x2  
  40  3:28  Drone x2  
  40  3:30  Drone  
  40  3:31  Queen  
  45  3:36  Drone  
  45  3:37  Drone  
  47  3:44  Zergling x2  
  47  3:47  Drone  
  47  3:48  Drone x2  
  51  3:52  Drone x2  
  53  3:59  Queen  
  53  4:00  Extractor  
  54  4:03  Drone x2  
  54  4:05  Zergling x4  
  58  4:12  Overlord  
  58  4:14  Overlord  
  58  4:18  Evolution Chamber  
  58  4:19  Queen, Evolution Chamber  
  58  4:21  Overlord  
  58  4:26  Overlord  
  58  4:33  Zergling x6, Drone x4  
  58  4:34  Zergling x2  
  58  4:38  Drone x2  
  66  4:40  Drone  
  66  4:44  Queen  
  69  4:45  Baneling Nest  
  69  4:48  Zerg Melee Weapons Level 1  
  68  4:55  Drone x4  
  68  4:58  Spore Crawler  
  70  5:00  Lair  
  70  5:12  Spore Crawler  
  70  5:13  Spore Crawler  
  70  5:14  Zerg Ground Armor Level 1  
  68  5:16  Drone x6  
  68  5:21  Overlord  
  74  5:25  Overlord  
  74  5:29  Drone x5, Extractor  
  74  5:33  Drone x3  
  81  5:39  Extractor  
  80  5:46  Overlord  
  80  5:47  Zergling x8  
  84  5:54  Extractor x2, Spine Crawler  
  84  5:56  Zergling x8  
  85  5:59  Queen  
  87  6:05  Zergling x6, Hatchery  
  87  6:06  Zergling x4  
  91  6:16  Drone x2, Overlord  
  93  6:21  Drone  
  94  6:28  Centrifugal Hooks  
  94  6:30  Drone x3  
  94  6:32  Drone x5  
  102  6:35  Infestation Pit  
  101  6:46  Zergling x2  
  106  6:47  Zergling x8  
  103  6:59  Overlord  
  93  7:03  Drone x3  
  93  7:04  Zerg Melee Weapons Level 2, Infestation Pit  
  93  7:08  Zerg Missile Weapons Level 1  
  95  7:09  Zergling x14, Hydralisk Den  
  101  7:23  Hatchery  
  101  7:25  Overseer  
  101  7:27  Pathogen Glands  
  101  7:28  Zergling x8, Hatchery  
  101  7:29  Zergling x10  
  108  7:34  Spine Crawler  
  108  7:35  Spine Crawler  
  108  7:36  Queen x2  
  107  7:44  Drone x7  
  107  7:47  Baneling  
  107  7:48  Baneling x10  
  107  7:51  Overlord  
  108  8:07  Zergling x22  
  108  8:09  Baneling x8  
  115  8:18  Zergling x4  
  108  8:22  Zergling x6  
  108  8:23  Zergling x4  
  112  8:30  Zergling x2  
  112  8:34  Queen x3  
  105  8:43  Zergling x14  
  105  8:44  Baneling x4  
  105  8:45  Baneling x4  
  106  8:48  Infestor  
  106  8:49  Infestor x2  
  106  8:54  Overseer  
  107  8:56  Zergling x8  
  107  9:02  Zergling x4  
  113  9:04  Overseer  
  111  9:10  Queen  
  111  9:12  Zergling x4  
  111  9:13  Zergling x10  
  110  9:18  Zergling x12  
  110  9:22  Baneling x2  
  110  9:23  Zergling x2  
  110  9:24  Zergling x6  
  114  9:28  Baneling  
  114  9:29  Zergling x2, Baneling x3  
  108  9:39  Zergling x2  
  108  9:40  Zergling x4  
  108  9:41  Baneling  
  108  9:42  Baneling x3  
  109  9:46  Zergling x8  
  109  9:47  Zergling x2  
  109  9:51  Zergling x6  
  109  9:52  Zergling x2  
  111  9:57  Zergling x4  
  107  10:00  Queen  
  107  10:03  Zergling x6  
  107  10:07  Zergling x6  
  107  10:12  Zergling x10  
  103  10:14  Zergling x2  
  103  10:21  Baneling x11  
  104  10:25  Overlord  
  104  10:26  Queen  
  102  10:30  Queen  
  102  10:33  Overlord  
  100  10:39  Zergling x12  
  93  10:45  Zergling x2  
  93  10:46  Zergling x16  
  93  10:47  Zergling x4  
Tags
 
Add a new tag
Caveats
  • Supply blocks, unpowered buildings, or Contaminate may cause inaccurate times.
  • Supply counts are checked every 10 seconds.